 Dungeon Crawl Stone Soup version 0.26.0-41-g79a4fc7684 (webtiles) character file.

Game seed: 5671363317193674282

8958 DrMo the Grappler (level 11, -13/87 (91) HPs)
             Began as a Yellow Draconian Monk on Jan 26, 2021.
             Was a High Priest of Cheibriados.
             Mangled by an orc warrior
             ... wielding the +8 flail "Hyntecsi" {drain, rF- MP+9 Str+2 Dex+5}
              (20 damage)
             ... on level 10 of the Dungeon.
             The game lasted 00:17:14 (10844 turns).

DrMo the Grappler (Yellow Draconian Monk)          Turns: 10844, Time: 00:17:15

HP:   -13/87 (91)   AC: 12    Str: 36    XL:     11   Next: 16%
MP:   13/15         EV: 20    Int: 23    God:    Cheibriados [*****.]
Gold: 826           SH:  9    Dex: 27    Spells: 10/10 levels left

rFire    . . .     SeeInvis .     - Unarmed
rCold    + . .     Faith    .   l - +2 buckler
rNeg     . . .     Spirit   .   (armour unavailable)
rPois    .         Reflect  .   (helmet restricted)
rElec    .         Harm     .   d - +0 cloak
rCorr    +         Rampage  .   m - +0 pair of gloves
Will     .....                  t - +2 pair of boots
Stlth    +++.......             (no amulet)
HPRegen  0.24/turn              i - +6 ring of strength
MPRegen  0.14/turn              w - ring of protection from cold

@: mighty, lightly drained, very slow
A: spit acid, unfitting armour, cold-blooded, acid resistance, AC +7
a: Breathe Acid, Renounce Religion, Bend Time, Temporal Distortion, Slouch, Step
From Time


You were on level 10 of the Dungeon.
You worshipped Cheibriados.
Cheibriados was extremely pleased with you.
You visited 1 branch of the dungeon, and saw 10 of its levels.
You also visited: Ossuary.

You collected 826 gold pieces.

Inventory:

Hand Weapons
 O - a +5 scimitar of flaming
Missiles
 n - a poisoned dart
 I - 2 javelins (quivered)
Armour
 d - a +0 cloak (worn)
 l - a +2 buckler (worn)
 m - a +0 pair of gloves (worn)
 t - a +2 pair of boots (worn)
Jewellery
 i - a +6 ring of strength (left hand)
 w - a ring of protection from cold (right hand)
 y - a +6 ring of intelligence
Wands
 r - a wand of digging (4)
 E - a wand of flame (10)
 F - a wand of polymorph (4)
 G - a wand of paralysis (9)
 J - a wand of acid (8)
Scrolls
 a - 3 scrolls of teleportation
 c - a scroll of blinking
 g - 8 scrolls of remove curse
 h - 2 scrolls of random uselessness
 j - 5 scrolls of fear
 o - 3 scrolls of immolation
 p - a scroll of enchant armour {unknown}
 q - a scroll of amnesia
 s - 2 scrolls of noise
 H - a scroll of summoning {unknown}
 K - a scroll of brand weapon {unknown}
Potions
 b - 8 potions of curing
 e - 2 potions of degeneration
 f - 3 potions of ambrosia {unknown}
 k - 5 potions of magic
 u - 2 potions of attraction
 v - a potion of resistance {unknown}
 x - 2 potions of brilliance {unknown}
 z - 2 potions of might
 A - 2 potions of heal wounds {unknown}
 B - 2 potions of mutation {unknown}
 C - a potion of invisibility {unknown}
 D - 2 potions of cancellation
Miscellaneous
 M - a tin of tremorstones (2/2)
 N - a phantom mirror


   Skills:
 + Level 6.4 Fighting
 - Level 1.7 Throwing
 + Level 7.7 Dodging
 - Level 1.7 Stealth
 + Level 6.5 Shields
 + Level 11.6 Unarmed Combat
 * Level 6.5 Invocations
 - Level 0.3 Evocations


You had 10 spell levels left.
You didn't know any spells.
Your spell library contained the following spells:

 Spells                   Type           Power        Failure   Level
 Corona                   Hex            0%           16%         1
 Summon Small Mammal      Summ           0%           16%         1
 Call Imp                 Summ           0%           24%         2
 Ensorcelled Hibernation  Hex/Ice        0%           24%         2
 Call Canine Familiar     Summ           0%           43%         3
 Confusing Touch          Hex            0%           43%         3
 Dazzling Flash           Conj/Hex       0%           43%         3
 Summon Guardian Golem    Hex/Summ       0%           43%         3
 Tukima's Dance           Hex            0%           43%         3
 Summon Ice Beast         Ice/Summ       0%           83%         4
 Summon Lightning Spire   Summ/Air       0%           83%         4


Dungeon Overview and Level Annotations

Branches:
Dungeon (10/15)            Temple (0/1) D:5             Orc (0/2) D:9
Ossuary (visited)
   Lair: D:8-11

Altars:
Ashenzari
Cheibriados
Fedhas
Gozag
Hepliaklqana
Nemelex Xobeh
Trog
Vehumet
Wu Jian
Xom

Annotations:
D:4 2 transporters, Omniwave's ghost, novice FoFi
D:7 4 runed translucent doors


Innate Abilities, Weirdness & Mutations

You can spit globs of acid.
Your golden yellow scales are hard. (AC +7)
You cannot fit into any form of body armour.
You are cold-blooded and may be slowed by cold attacks.
You are resistant to acid. (rCorr)


Message History

The big kobold barely misses you.
You barely miss the big kobold.
The big kobold is moderately wounded.
You pummel the big kobold!!
Your tail-slap misses the big kobold.
The big kobold is almost dead.
You block the big kobold's attack.
You pulverise the big kobold!!!
You kill the big kobold!
Cheibriados appreciates the change of pace.
The orc warrior hits you but does no damage.
You feel drained.
The orc warrior hits you with the +8 flail "Hyntecsi" {drain, rF- MP+9 Str+2 Dex+5}!
* * * LOW HITPOINT WARNING * * *
You feel drained.
* * * LOW HITPOINT WARNING * * *
Found 27 stones, 20 arrows and 16 gold pieces.
You closely miss the orc warrior.
You tail-slap the orc warrior, but do no damage.
The orc warrior hits you with the +8 flail "Hyntecsi" {drain, rF- MP+9 Str+2 Dex+5}!!
You die...

##.###.#.##..†......#
))..#....#..###(###..#
[########..## #)#$##
.#........## #)#.. #
.#.######## #(#.#.##
.# #)#)..!# .#
#.#(#######. .#
..###.)...... .# ###
#@#####..# .# #o#...(#
#. (#.## #. .. # #.
$## #. ## .. ..


You could see an orc warrior.

Vanquished Creatures
  A centaur warrior (D:10)
  Erica (D:9)
  A two-headed ogre (D:9)
  An ugly thing (D:10)
  2 cyclopes
  Joseph (D:7)
  Psyche (D:10)
  Maggie (D:7)
  A yaktaur (D:10)
  A wyvern (D:10)
  A warg (D:9)
  Menkaure (D:4)
  A water moccasin (D:8)
  Duvessa (D:6)
  4 ice beasts
  An orc warrior (D:8)
  A phantom (D:5)
  5 sky beasts
  2 necrophages
  3 ogres
  2 centaurs (D:7)
  A big kobold (D:10)
  7 bullfrogs
  A gnoll sergeant (D:8)
  Dowan (D:6)
  4 scorpions
  4 wights (D:8)
  2 howler monkeys (D:9)
  An electric eel (D:6)
  A quasit (D:8)
  A centaur skeleton (D:5)
  A hound (D:7)
  A jelly (D:9)
  10 orc wizards
  8 orc priests
  A gnoll shaman (D:10)
  6 worker ants
  2 iguanas
  A killer bee zombie (D:8)
  A hound skeleton (D:6)
  8 mummies (Ossuary)
  A howler monkey zombie (D:6)
  2 worker ant zombies
  6 gnolls
  18 adders
  2 shadow imps
  3 white imps
  3 ufetubi
  An ooze (D:4)
  4 adder skeletons
  3 worms
  5 dart slugs
  4 leopard geckos
  20 orcs
  10 bats
  5 giant cockroaches
  9 goblins
  5 hobgoblins
  14 jackals
  3 kobolds
  4 quokkas
  A ball python (D:5)
  8 frilled lizards
  4 hobgoblin zombies (Ossuary)
  2 kobold zombies (Ossuary)
  2 orc zombies (Ossuary)
  3 rats
237 creatures vanquished.

Vanquished Creatures (others)
  2 plants (D:6)
2 creatures vanquished.

Grand Total: 239 creatures vanquished

Notes
Turn   | Place    | Note
-------+----------+-------------------------------------------
     0 | D:1      | DrMo the Draconian Monk began the quest for the Orb.
     0 | D:1      | Reached XP level 1. HP: 19/19 MP: 1/1
   196 | D:1      | Reached XP level 2. HP: 22/26 MP: 2/2
   501 | D:1      | Reached XP level 3. HP: 33/33 MP: 3/3
  1344 | D:2      | Reached skill level 4 in Unarmed Combat
  1397 | D:2      | Reached XP level 4. HP: 40/40 MP: 4/4
  2131 | D:3      | Found a snail-covered altar of Cheibriados.
  2149 | D:3      | Found a shimmering altar of Xom.
  2150 | D:3      | Found an ornate altar of the Wu Jian Council.
  2160 | D:3      | Became a worshipper of Cheibriados the Contemplative
  2160 | D:3      | Reached * piety under Cheibriados
  2160 | D:3      | Reached ** piety under Cheibriados
  2242 | D:3      | Found a faded altar of an unknown god.
  2530 | D:3      | Reached XP level 5. HP: 46/46 MP: 5/5
  3376 | D:4      | Noticed Menkaure
  3391 | D:4      | Killed Menkaure
  3392 | D:4      | Reached skill level 1 in Shields
  3392 | D:4      | Reached skill level 5 in Unarmed Combat
  3392 | D:4      | Reached XP level 6. HP: 28/52 MP: 3/6
  3756 | D:4      | Found a transporter.
  3756 | D:4      | Noticed Omniwave's ghost (novice FoFi)
  4078 | D:4      | Reached *** piety under Cheibriados
  4097 | D:4      | Reached skill level 6 in Unarmed Combat
  4116 | D:4      | Found a transporter.
  4385 | D:5      | Entered Level 5 of the Dungeon
  4484 | D:5      | Your scales start taking on a golden yellow colour.
  4484 | D:5      | Reached XP level 7. HP: 59/59 MP: 7/7
  4484 | D:5      | Gained mutation: You are resistant to acid. (rCorr) [Yellow
                  | Draconian growth]
  4605 | D:5      | Found a staircase to the Ecumenical Temple.
  4664 | D:5      | Found a bloodstained altar of Trog.
  4664 | D:5      | Found a hazy altar of Hepliaklqana.
  4666 | D:5      | Found an opulent altar of Gozag.
  4670 | D:5      | Found a blossoming altar of Fedhas.
  4674 | D:5      | Found a sparkling altar of Nemelex Xobeh.
  4977 | D:5      | Reached skill level 7 in Unarmed Combat
  5745 | D:6      | Reached skill level 5 in Dodging
  5745 | D:6      | Reached XP level 8. HP: 66/66 MP: 8/8
  5976 | D:6      | Found a sand-covered staircase.
  5980 | Ossuary  | Entered an ossuary
  6038 | Ossuary  | Reached skill level 1 in Invocations
  6329 | D:6      | Found a shimmering altar of Xom.
  6416 | D:6      | Noticed Dowan
  6417 | D:6      | Noticed Duvessa
  6427 | D:6      | Killed Duvessa
  6427 | D:6      | Reached **** piety under Cheibriados
  6428 | D:6      | Reached skill level 8 in Unarmed Combat
  6432 | D:6      | Killed Dowan
  6937 | D:6      | Found a radiant altar of Vehumet.
  7140 | D:6      | Reached skill level 9 in Unarmed Combat
  7741 | D:7      | Noticed Maggie
  7757 | D:7      | Killed Maggie
  7758 | D:7      | Reached XP level 9. HP: 60/72 MP: 10/10
  7886 | D:7      | Found a huge runed translucent gate.
  7886 | D:7      | Found a huge runed translucent gate.
  7886 | D:7      | Found a huge runed translucent gate.
  7887 | D:7      | Found a huge runed translucent gate.
  7887 | D:7      | Noticed a polar bear
  7887 | D:7      | Noticed a polar bear
  7934 | D:7      | Found a broken altar of Ashenzari.
  7945 | D:7      | Noticed Joseph
  7959 | D:7      | Killed Joseph
  7960 | D:7      | Reached skill level 1 in Throwing
  7960 | D:7      | Reached skill level 10 in Unarmed Combat
  9196 | D:8      | Reached ***** piety under Cheibriados
  9211 | D:8      | Reached skill level 5 in Shields
  9365 | D:8      | Reached skill level 11 in Unarmed Combat
  9526 | D:8      | Reached XP level 10. HP: 80/80 MP: 5/11
  9837 | D:9      | Found a staircase to the Orcish Mines.
  9967 | D:9      | Reached skill level 5 in Fighting
  9967 | D:9      | Noticed a cyclops
  9972 | D:9      | Killed a cyclops
 10064 | D:9      | Noticed a two-headed ogre
 10070 | D:9      | Killed a two-headed ogre
 10264 | D:9      | Noticed Erica
 10271 | D:9      | Killed Erica
 10556 | D:10     | Entered Level 10 of the Dungeon
 10556 | D:10     | Noticed Psyche
 10564 | D:10     | Killed Psyche
 10565 | D:10     | Reached skill level 5 in Invocations
 10802 | D:10     | Noticed a centaur warrior
 10805 | D:10     | Noticed a white ugly thing
 10809 | D:10     | Killed a centaur warrior
 10814 | D:10     | Killed a white ugly thing
 10815 | D:10     | Reached XP level 11. HP: 36/89 MP: 9/15
 10838 | D:10     | Identified the +8 flail "Hyntecsi" {drain, rF- MP+9 Str+2
                  | Dex+5}
 10844 | D:10     | Mangled by an orc warrior

Illustrated notes

Levels and vault maps discovered:
D:1:      saegor_arrival_simple_c, layout_basic
D:2:      layout_loops_cross
D:3:      layout_loops_ring, chequers_temple_overflow_statue_of_worship,
          chequers_ecumenical_altar_twisty, moated_statue, cheibriados_altar_1
D:4:      layout_basic, gammafunk_ghost_arena, grunt_ministairs_9, uniq_menkaure
D:5:      layout_basic, grunt_temple_overflow_open,
          minmay_temple_entry_enclosed_plants, doesnt_xom_only_xom
D:6:      layout_cave_pods, nicolae_ossuary_entry_plus, serial_bayou,
          serial_bayou_shore_a, serial_bayou_pond_b, serial_bayou_shore_b,
          serial_bayou_pond_c, basic_altar, vehumet_altar_wand_db, uniq_duvessa
D:7:      lemuel_bear_cage, layout_loops_ring, lemuel_crystal_altar,
          uniq_maggie, uniq_joseph
D:8:      layout_rooms
D:9:      layout_gridville, erik_orc_3, minmay_diamond_spiral, uniq_erica
D:10:     minmay_the_grid_octo_tiled_squarecenter
          [minmay_the_grid_octo_odd_swirl, minmay_the_grid_octo_clover,
          minmay_the_grid_octo_focus, minmay_the_grid_octo_teeth,
          minmay_the_grid_square_5x5_megaprize_crossed,
          minmay_the_grid_square_5x5_inset, minmay_the_grid_square_5x5_minibox,
          minmay_the_grid_square_5x5_moneybag,
          minmay_the_grid_square_5x5_lines], layout_basic, serial_shops,
          shop_statue, uniq_psyche, uniq_fannar, uniq_harold

Skill      XL: |  1  2  3  4  5  6  7  8  9 10 |
---------------+-------------------------------+-----
Dodging        | 3 4 5 6 7 |  7.7
Unarmed Combat | 4 5 6 7 9 11 | 11.6
Fighting       | 4 6 |  6.4
Shields        | 1 2 4 5 6 |  6.5
Invocations    | 1 6 |  6.5
Throwing       | 1 |  1.7
Stealth        | |  1.7
Evocations     | |  0.3

Action                   |  1- 3 |  4- 6 |  7- 9 | 10-12 || total
-------------------------+-------+-------+-------+-------++-------
Melee: Unarmed           |   121 |   204 |   315 |   128 ||   768
       Tailslap          |    19 |    42 |    75 |    27 ||   163
Throw: Javelin           |       |       |    22 |     8 ||    30
       Dart              |       |       |     1 |       ||     1
Invok: Bend Time         |       |     1 |     1 |       ||     2
       Slouch            |       |       |     2 |     1 ||     3
 Abil: Breathe Acid      |       |       |    14 |     5 ||    19
Evoke: Wand              |       |       |     1 |       ||     1
  Use: Scroll            |     2 |     8 |     4 |     3 ||    17
       Potion            |       |       |       |     1 ||     1
 Stab: Sleeping          |     3 |     4 |     1 |     2 ||    10
       Distracted        |       |     1 |     1 |       ||     2
Armor: Skin              |    38 |    46 |    55 |    18 ||   157
Dodge: Dodged            |    93 |   101 |   198 |    65 ||   457
Block: Buckler           |     1 |    54 |   100 |    49 ||   204
